 Dungeon Crawl Stone Soup version 0.14-a0-1817-gb992dfe (webtiles) character file.

228 Piginabag the Ducker (level 5, -4/49 HPs)
             Began as an Ogre Arcane Marksman on Jan 9, 2014.
             Killed by divine providence
             ... invoked by an orc priest
              (11 damage)
             ... on Level 3 of the Dungeon.
             The game lasted 00:14:41 (3792 turns).

Piginabag the Ducker (Ogre Arcane Marksman)         Turns: 3792, Time: 00:14:41

HP  -4/49        AC  3     Str 17      XL: 5   Next: 13%
MP   9/9         EV 10     Int 12      God:
Gold 98          SH  0     Dex  9      Spells:  1 memorised,  7 levels left

rFire  . . .     SeeInvis .     (no weapon)
rCold  . . .     Clarity  .     a - +0 robe
rNeg   . . .     Conserve .     (shield restricted)
rPois  .         rCorr    .     (helmet restricted)
rElec  .         rRot     .     (no cloak)
SustAb . .       Spirit   .     (gloves unavailable)
rMut   .         Warding  .     (boots unavailable)
Saprov + . .     Stasis   .     (no amulet)
                                (no ring)
                                (no ring)

@: slightly resistant to hostile enchantments, unstealthy
A: unfitting armour, fast metabolism 1, saprovore 1, tough skin 1
a: no special abilities


You were on level 3 of the Dungeon.
You were very hungry.

You visited 1 branch of the dungeon, and saw 3 of its levels.

You collected 98 gold pieces.

Inventory:

Hand weapons
 s - a +2,+2 sling
Missiles
 c - a throwing net
 o - 2 needles of confusion
 q - 11 darts (quivered)
 t - 6 stones
Armour
 a - a +0 robe (worn)
Magical devices
 m - a wand of frost (9) {unknown}
Comestibles
 f - 3 meat rations
 h - an apple
 w - a pear
 x - a bread ration
 A - a choko
Scrolls
 g - a scroll of enchant armour {unknown}
 i - a scroll of teleportation {unknown}
 j - 2 scrolls of enchant weapon II {unknown}
 l - a scroll of curse jewellery {unknown}
 n - 2 scrolls of identify {unknown}
 r - a scroll of fog {unknown}
 u - 4 scrolls of remove curse {unknown}
Potions
 k - a potion of curing {unknown}
 p - a potion of speed {unknown}
 v - a potion of lignification {unknown}
Books
 d - a book of Debilitation

   Spells                             Type                      Level
   *Corona                            Hexes                        1
   Slow                               Hexes                        2
   Inner Flame                        Hexes/Fire                   3
   Enslavement                        Hexes                        4
   Cause Fear                         Hexes                        4
   Leda's Liquefaction                Hexes/Earth                  4


   Skills:
 + Level 1.8 Fighting
 + Level 2.9 Throwing
 + Level 3.1 Dodging
 + Level 0.5 Stealth
 - Level 0.3 Unarmed Combat
 + Level 2.0 Spellcasting
 + Level 2.8 Hexes


You had 7 spell levels left.
You knew the following spells:

 Your Spells              Type           Power        Failure   Level  Hunger
a - Corona                Hex            #......      12%         1    ##.....


Dungeon Overview and Level Annotations

Branches:
Dungeon (3/16)

Altars:


Innate Abilities, Weirdness & Mutations

You are too large for most types of armour.
You have a fast metabolism.
You can tolerate rotten meat.
You have tough skin (AC +1).


Message History

The orc hits you with an orcish club.
* * * LOW HITPOINT WARNING * * *
You closely miss the orc priest.
The orc priest is severely wounded.
The orc priest calls down the wrath of Beogh upon you.
You struggle to resist.
The orc hits you with an orcish club.
* * * LOW HITPOINT WARNING * * *
You barely miss the orc priest.
The orc priest is severely wounded.
The orc priest looks braver.
You barely miss the orc priest.
The orc priest is severely wounded.
The orc hits you but does no damage. The orc priest hits you.
* * * LOW HITPOINT WARNING * * *
You hit the orc priest but do no damage.
The orc priest is severely wounded.
The orc completely misses you.
The orc priest calls down the wrath of Beogh upon you.
Something smites you!
You die...

..# ###### ..# #....#
..####....# .
.###.<....#######.....
.............)......(.
.##......#############
.##......##############.
.##............o.........
.#......((..>((o@..>.....
...........##......>..#..
...........##......####
....##.....#####...#
.#####.##### ##### .# #.#
#.. .


You could see an orc priest and an orc.

Vanquished Creatures
  A gnoll (D:2)
  4 adders
  A worm (D:2)
  A giant gecko (D:2)
  An ooze (D:2)
  A ball python (D:1)
  A giant cockroach (D:1)
  12 goblins
  12 hobgoblins
  6 jackals
  4 kobolds
  2 quokkas (D:2)
  5 bats
  8 giant newts
  9 rats
68 creatures vanquished.

Notes
Turn   | Place    | Note
--------------------------------------------------------------
     0 | D:1      | Piginabag, the Ogre Arcane Marksman, began the quest for the Orb.
     0 | D:1      | Reached XP level 1. HP: 19/19 MP: 2/2
   301 | D:1      | Reached XP level 2. HP: 15/27 MP: 3/3
   972 | D:1      | Reached XP level 3. HP: 7/33 MP: 1/4
  1949 | D:2      | Reached XP level 4. HP: 34/41 MP: 4/6
  2188 | D:2      | Reached skill level 3 in Dodging
  3261 | D:3      | Reached XP level 5. HP: 24/49 MP: 9/9
  3781 | D:3      | HP: 1/49 [orc priest (4)]
  3792 | D:3      | Killed from afar by an orc priest

Action                   |  1- 3 |  4- 6 || total
-------------------------+-------+-------++-------
Melee: Unarmed           |   239 |   139 ||   378
Throw: Large rock        |    16 |    14 ||    30
       Dart              |       |    96 ||    96
       Stone             |       |     4 ||     4
       Throwing net      |       |     4 ||     4
 Cast: Corona            |    22 |    23 ||    45
  Use: Potion            |       |     1 ||     1
 Stab: Sleeping          |     1 |       ||     1
